 Dungeon Crawl Stone Soup version 0.32-a0-779-g362cfcae2a (webtiles) character file.

Game seed: 5836741721241981102

425458 ragingrage the Marksmummy (level 22, -25/162 HPs)
             Began as a Mummy Summoner on Mar 19, 2024.
             Was the Champion of Hepliaklqana.
             Annihilated by a juggernaut (47 damage)
             ... on level 3 of the Depths.
             The game lasted 01:10:05 (56214 turns).

ragingrage the Marksmummy (Mummy Summoner)         Turns: 56214, Time: 01:10:06

Health: -25/162    AC: 18    Str: 16    XL:     22   Next: 73%
Magic:  0/48       EV: 25    Int: 21    God:    Hepliaklqana [******]
Gold:   1249       SH:  0    Dex: 22    Spells: 18/32 levels left

rFire   + . .        U - +9 longbow (flame)
rCold   + + +        (shield currently unavailable)
rNeg    + + +        K - +3 troll leather armour {Snorg}
rPois   ∞            z - +3 crown of Dyrovepreva {rElec Int+2 SInv}
rElec   +            l - scarf of Makhleb's Benevolence {repulsion, rF+ Str+4}
rCorr   .            h - +2 pair of gloves
SInv    +            x - +3 pair of mountain boots {steadfast, rC+}
Will    ++...        c - amulet of guardian spirit
Stlth   ++++         R - ring "Viroj" {rPois rC+ MP+9 Slay+3}
HPRegen 1.27/turn    s - ring of Gyuvamm {rF+ MP+9 Dex+4 Stlth+}
MPRegen 0.31/turn

%: repel missiles, guardian spirit, faith
@: about to teleport, fugue, studying Ice Magic
A: reduced essence, cold resistance 1, negative energy resistance 3, torment
resistance 2, heat vulnerability 1, in touch with death 2, no potions, faith
}: 2/15 runes: decaying, serpentine
a: Renounce Religion, Recall Ancestor, Ancestor Identity, Transference, Idealise


You were on level 3 of the Depths.
You worshipped Hepliaklqana.
Hepliaklqana was exalted by your worship.
You visited 9 branches of the dungeon, and saw 42 of its levels.
You also visited: Desolation.

You collected 5252 gold pieces.
You spent 4003 gold pieces at shops.

Inventory:

Hand Weapons
 i - the +10 sling "Ryux" {freeze, *Slow Will+ rCorr Dex+2}
   (You found it on level 3 of the Dungeon)

   Dex+2:     It affects your dexterity (+2).
   Will+:     It increases your willpower.
   rCorr:     It protects you from acid and corrosion.
   *Slow:     It may slow you when you take damage.
 U - a +9 longbow of flaming (weapon)
Missiles
 t - 4 throwing nets
 I - 9 curare-tipped darts
Armour
 h - a +2 pair of gloves (worn)
 l - the scarf of Makhleb's Benevolence (worn) {repulsion, rF+ Str+4}
   (You acquired it on level 10 of the Dungeon)

   Str+4:     It affects your strength (+4).
   rF+:       It protects you from fire.
 x - the +3 pair of mountain boots (worn) {steadfast, rC+}
   (You bought it in a shop on level 2 of the Depths)

   Steadfast: It prevents involuntary movement, except for blinking,
   teleportation, or banishment.
   rC+:       It protects you from cold.
 z - the +3 crown of Dyrovepreva (worn) {rElec Int+2 SInv}
   (You found it on level 3 of the Elven Halls)

   Int+2:     It affects your intelligence (+2).
   rElec:     It insulates you from electricity.
   SInv:      It lets you see invisible.
 A - the +3 robe of Clouds {*Thunder rCloud rElec}
   (You found it in the Desolation of Salt)

   *Thunder:  It occasionally creates storm clouds above nearby enemies.
   rCloud:    It grants its wearer immunity to clouds.
   rElec:     It insulates you from electricity.
 H - the +1 buckler of Qad Qum {^Drain Str+3 Dex+5}
   (You acquired it on level 10 of the Dungeon)

   Str+3:     It affects your strength (+3).
   Dex+5:     It affects your dexterity (+5).
   ^Drain:    It drains your maximum health when unequipped.
 K - a +3 troll leather armour (worn) {Snorg}
Jewellery
 c - an amulet of guardian spirit (around neck)
 d - the ring of Zuamunutt {Fly rF+ Str+3 Int+4 Stlth-}
   (You took it off a deep elf sorcerer on level 3 of the Elven Halls)

   [ring of flight]

   Str+3:     It affects your strength (+3).
   Int+4:     It affects your intelligence (+4).
   rF+:       It protects you from fire.
   Fly:       It grants you flight.
   Stlth-:    It makes you less stealthy.
 e - a +4 ring of protection
 f - the amulet of the Commoners {rN+ Will+ Regen+}
   (You took it off a servant of whispers in the Desolation of Salt)

   [amulet of regeneration]

   rN+:       It protects you from negative energy.
   Will+:     It increases your willpower.
   Regen+:    It increases your rate of health regeneration.
 n - a ring of protection from cold
 s - the ring of Gyuvamm (right hand) {rF+ MP+9 Dex+4 Stlth+}
   (You took it off a deep elf high priest on level 3 of the Elven Halls)

   [ring of protection from fire]

   Dex+4:     It affects your dexterity (+4).
   rF+:       It protects you from fire.
   MP+9:      It affects your magic capacity (+9).
   Stlth+:    It makes you more stealthy.
 R - the ring "Viroj" (left hand) {rPois rC+ MP+9 Slay+3}
   (You took it off a ragged hierophant in the Desolation of Salt)

   [ring of protection from cold]

   Slay+3:    It affects your accuracy & damage with ranged weapons and melee
   (+3).
   rC+:       It protects you from cold.
   rPois:     It protects you from poison.
   MP+9:      It affects your magic capacity (+9).
Wands
 g - a wand of flame (124)
 j - a wand of warping (61)
 q - a wand of digging (19)
 u - a wand of mindburst (44)
 F - a wand of paralysis (27)
 J - a wand of polymorph (24)
 W - a wand of acid (10)
Scrolls
 a - 2 scrolls of amnesia
 b - 3 scrolls of brand weapon
 k - 7 scrolls of fog
 m - 2 scrolls of enchant armour
 o - a scroll of noise
 p - 7 scrolls of revelation
 v - 6 scrolls of poison
 B - 6 scrolls of enchant weapon
 C - 7 scrolls of teleportation
 D - 4 scrolls of summoning
 E - 3 scrolls of vulnerability
 G - 30 scrolls of identify
 L - 2 scrolls of torment
 M - 3 scrolls of silence
 O - 3 scrolls of blinking
 P - 5 scrolls of fear
 Q - 5 scrolls of immolation
Miscellaneous
 r - a lightning rod (4/4)
 w - a phial of floods
 y - a phantom mirror (inert)
 T - a box of beasts (inert)
 V - a condenser vane


   Skills:
 - Level 17.1 Fighting
 - Level 20.0 Ranged Weapons
 - Level 11.0 Armour
 + Level 17.7 Dodging
 + Level 3.4 Stealth
 - Level 3.0 Shields
 + Level 5.7 Spellcasting
 + Level 7.3 Hexes
 - Level 5.3 Summonings
 - Level 10.0 Necromancy
 + Level 5.4 Translocations
 - Level 1.9 Ice Magic
 - Level 9.0 Invocations
 - Level 13.0 Evocations


You had 18 spell levels left.
You knew the following spells:

 Your Spells              Type           Power      Damage    Failure   Level
a - Fugue of the Fallen   Necr           83%        N/A       1%          3
b - Call Imp              Summ           56%        N/A       1%          2
c - Ozocubu's Armour      Ice            14%        N/A       16%         3
d - Blink                 Tloc           56%        N/A       1%          2
e - Dimensional Bullseye  Hex/Tloc       16%        N/A       9%          4

Your spell library contained the following spells:

 Spells                   Type           Power      Damage    Failure   Level
 Apportation              Tloc           56%        N/A       1%          1
 Kiss of Death            Conj/Necr      100%       2d13      1%          1
 Necrotise                Necr           100%       1d9       1%          1
 Summon Small Mammal      Summ           100%       N/A       1%          1
 Lesser Beckoning         Tloc           56%        N/A       1%          2
 Confusing Touch          Hex            36%        N/A       1%          3
 Sigil of Binding         Hex            36%        N/A       1%          3
 Tukima's Dance           Hex            36%        N/A       1%          3
 Dispel Undead            Necr           83%        3d27      1%          4
 Ensorcelled Hibernation  Hex/Ice        50%        N/A       2%          2
 Call Canine Familiar     Summ           28%        N/A       3%          3
 Anguish                  Hex/Necr       38%        N/A       3%          4
 Cigotuvi's Dreadful Rot  Necr/Alch/Air  90%        N/A       4%          2
 Martyr's Knell           Necr/Summ      72%        N/A       4%          4
 Freeze                   Ice            56%        1d7       5%          1
 Curse of Agony           Necr           83%        N/A       5%          5
 Momentum Strike          Conj/Tloc      34%        3d8       6%          2
 Dazzling Flash           Conj/Hex       42%        N/A       8%          3
 Magic Dart               Conj           24%        1d4       12%         1
 Sandblast                Erth           12%        2d6       12%         1
 Shock                    Conj/Air       24%        1d4       12%         1
 Sting                    Conj/Alch      24%        1d4       12%         1
 Volatile Blastmotes      Fire/Tloc      34%        2d12      12%         3
 Passage of Golubria      Tloc           28%        N/A       12%         4
 Frozen Ramparts          Ice            28%        1d5       16%         3
 Mercury Vapours          Alch/Air       12%        N/A       17%         2
 Static Discharge         Conj/Air       12%        3-4/arc   17%         2
 Hailstorm                Conj/Ice       10%        3d6       24%         3
 Death Channel            Necr           41%        N/A       28%         6
 Mephitic Cloud           Conj/Alch/Air  6%         N/A       34%         3
 Passwall                 Erth           6%         N/A       34%         3
 Stone Arrow              Conj/Erth      12%        3d7       34%         3
 Swiftness                Air            6%         N/A       34%         3
 Summon Forest            Summ/Tloc      14%        N/A       34%         5
 Iskenderun's Mystic Bla  Conj/Tloc      17%        2d5       36%         4
 Summon Blazeheart Golem  Fire/Summ      17%        N/A       36%         4
 Summon Lightning Spire   Summ/Air       17%        N/A       36%         4
 Vhi's Electric Charge    Tloc/Air       34%        N/A       36%         4
 Metabolic Englaciation   Hex/Ice        12%        N/A       43%         5
 Silence                  Hex/Air        10%        N/A       56%         5
 Airstrike                Air            3%         2d(1-17)  75%         4
 Brom's Barrelling Bould  Conj/Erth      6%         2d3       75%         4
 Flame Wave               Conj/Fire      6%         2d5       75%         4
 Leda's Liquefaction      Alch/Erth      3%         N/A       75%         4
 Olgreb's Toxic Radiance  Alch           6%         N/A       75%         4
 Petrify                  Alch/Erth      6%         N/A       75%         4
 Arcjolt                  Conj/Air       3%         1d13      97%         5
 Irradiate                Conj/Alch      3%         3d12      97%         5
 Lee's Rapid Deconstruct  Erth           3%         3d5*      97%         5
 Bombard                  Conj/Erth      3%         9d1       100%        6
 Conjure Ball Lightning   Conj/Air       3%         3x3d6     100%        6
 Eringya's Noxious Bog    Alch           3%         4d6       100%        6
 Permafrost Eruption      Ice/Erth       5%         2x4d3     100%        6
 Plasma Beam              Fire/Air       3%         2x1d13    100%        6
 Sculpt Simulacrum        Ice/Alch       5%         N/A       100%        6
 Malign Gateway           Summ/Tloc      14%        N/A       100%        7
 Orb of Destruction       Conj           3%         9d5       100%        7
 Ozocubu's Refrigeration  Ice            7%         4d9       100%        7
 Spellforged Servitor     Conj/Summ      8%         N/A       100%        7
 Summon Hydra             Summ           14%        N/A       100%        7
 Discord                  Hex            18%        N/A       100%        8
 Disjunction              Tloc           14%        N/A       100%        8
 Lehudib's Crystal Spear  Conj/Erth      3%         10d2      100%        8
 Chain Lightning          Conj/Air       3%         3d4       100%        9


Dungeon Overview and Level Annotations

Branches:
Dungeon (15/15)            Temple (1/1) D:5            Lair (5/5) D:9
  Swamp (4/4) Lair:3        Snake (4/4) Lair:3        Slime (0/5) Lair:5
    Orc (2/2) D:11            Elf (3/3) Orc:2        Vaults (4/5) D:14
  Crypt (0/3) Vaults:3     Depths (4/4) D:15        Desolation (visited)
    Zot: Depths:4

Altars:
Ashenzari
Cheibriados
Dithmenos
Fedhas
Gozag
Hepliaklqana
Kikubaaqudgha
Makhleb
Nemelex Xobeh
Okawaru
Qazlal
Ru
Sif Muna
Trog
Uskayaw
Vehumet
Wu Jian
Xom
Yredelemnul

Shops:
D:8 [   D:9 ?   D:13 :   Orc:1 *   Orc:2 =:*(?   Snake:3 *   Vaults:1 *
Vaults:2 [   Vaults:3 :(   Depths:1 *   Depths:2 [   Depths:4 :**

Portals:
Hell: Depths:1 Depths:2
Abyss: Depths:3
Pandemonium: Orc:2 Depths:2
Ziggurat: Depths:3

Annotations:
D:5 2 runed translucent doors
D:7 2 transporters, Arkalis's ghost, novice MiBe
D:9 exclusion: downstairs
Lair:4 exclusion: downstairs
Swamp:2 Roxanne


Innate Abilities, Weirdness & Mutations

Your life essence is reduced to manifest your ancestor. (-10% HP)
You are immune to poison.
Your flesh is cold resistant. (rC+)
You are immune to negative energy. (rN+++)
You are immune to unholy pain and torment.
You are vulnerable to heat. (rF-)
You are strongly in touch with the powers of death.
You do not drink.
You have a special connection with the divine. (Faith)


Message History

The chaos spawn completely misses you.
You hear a grinding noise.
An ettin comes into view. It is wielding two +0 dire flails.
The crystal guardian glitters, immutable and inevitable, in the dim dungeon light.
You shoot an arrow. The arrow hits the chaos spawn!
The arrow burns the chaos spawn.
You kill the chaos spawn!
The chaos spawn degenerates into a cloud of primal chaos!
Your surroundings suddenly seem different.
A blizzard demon and 6 giants come into view.
An ettin is wielding a +2 dire flail of draining and a +0 dire flail.
A fire giant is wielding a +2 great sword of flaming.
A frost giant is wielding a +0 battleaxe of freezing.
The fire giant shouts!
The frost giant shouts!
The stone giant shouts!
The ettin shouts in stereo!
The blizzard demon shouts!
The ettin shouts in stereo!
The frost giant casts a spell at you.
The bolt of cold hits the frost giant!
The frost giant resists.
The bolt of cold hits you. You resist.
* * * LOW HITPOINT WARNING * * *
The fire giant hits you with a +2 great sword of flaming!!
* * * LOW HITPOINT WARNING * * *
The fire giant burns you.
* * * LOW HITPOINT WARNING * * *
You hear a shout!
You hear a screech!
You hear an angry squeal.
You hear a shout!
Blink to where?
Press: ? - help, Dir - move target A stone giant comes into view.
As you read the scroll of blinking, it crumbles to dust.
You hear a shout!
You hear a grinding noise.
As you read the scroll of teleportation, it crumbles to dust.
You feel strangely unstable.
A frost giant comes into view.
It is wielding a +3 battleaxe of freezing.
Okay, then.
The frost giant gestures at you while chanting.
The bolt of cold misses you.
Poqoikh emerges from the mists of memory!
The juggernaut attacks as it pursues you!
The juggernaut hits you!!!
You die...
Hepliaklqana delivers you to your ancestors.

.∩........##
#####C###### .#
##...... ..#
#....9. ...##
##...##
....##....##...#
....'#....##...#
#C.RC..##...#
##..@..##..C#
#..C#####...#
#..######...#####
#....C...C.C......
#........C§∩......
#........2.....C..
##..######...#####
#... #...# ##..
#.C.#


You could see the friendly Poqoikh the knight (reflecting), a juggernaut, a
frost giant and a stone giant (ally target).

Vanquished Creatures
  A shard shrike (Depths:3)
  An Ice Fiend (Depths:3)
  Rupert (Lair:4)
  Jorgrun (D:14)
  A lich (Depths:2)
  A deep elf master archer (Elf:3)
  3 walking frostbound tomes
  2 deep elf blademasters
  4 sphinxes
  Kirke (D:15)
  2 thorn hunters
  A storm dragon (Depths:3)
  2 tengu reavers
  An azure jelly (Depths:3)
  7 nagarajas (Snake:4)
  A fenstrider witch (Swamp:4)
  4 fire giants
  2 deep elf sorcerers (Elf:3)
  2 imperial myrmidons (Desolation)
  4 frost giants
  A spectral caustic shrike (Depths:2)
  A spectral juggernaut (Depths:2)
  A ghoul (Swamp:4)
  3 orc warlords
  6 vault wardens
  8 ironbound preservers
  7 very ugly things
  4 stone giants
  6 ironbound thunderhulks
  2 vampire knights (Depths:2)
  A formless jellyfish (Vaults:1)
  4 eleionomae
  5 deep elf demonologists (Elf:3)
  5 dire elephants
  A deep elf annihilator (Elf:3)
  A black draconian (Depths:4)
  3 deep elf death magi
  A spectral titan (Depths:2)
  A purple draconian (Depths:4)
  5 bunyips
  Azrael (D:15)
  Snorg (Lair:5)
  3 fire dragons
  A green death (Depths:3)
  6 ragged hierophants (Desolation)
  5 ettins
  A mummy priest (Depths:2)
  3 crystal guardians
  5 yaktaur captains
  2 jiangshi (Depths:2)
  A spectral golden dragon (Depths:2)
  2 rakshasas
  Erolcha (D:13)
  5 great orbs of eyes
  3 deep elf high priests
  An entropy weaver (Vaults:1)
  18 hydras
  A spectral tengu (Depths:2)
  7 servants of whispers (Desolation)
  3 spectral spriggans (Depths:2)
  A ghost crab (Swamp:2)
  2 peacekeepers
  2 boulder beetles
  3 alligators
  A spectral sphinx (Depths:2)
  4 vault guards
  3 ice dragons
  A death knight (D:15)
  A spectral frost giant (Depths:2)
  6 ironbound frosthearts
  9 anacondas
  A juggernaut simulacrum (Depths:3)
  5 centaur warriors
  3 two-headed ogres
  4 death yaks
  16 dancing weapons
  3 deep troll shamans
  8 orc high priests
  5 deep troll earth magi
  A vampire mage (Depths:2)
  2 occultists
  5 shock serpents
  4 tengu warriors
  7 naga sharpshooters
  12 naga warriors
  A spriggan berserker (Swamp:2)
  14 deep elf knights
  A sun demon (Depths:2)
  Sonja (Orc:1)
  3 skeletal warriors
  4 salamander mystics
  A spectral spark wasp (Depths:2)
  10 iron trolls
  6 goliath frogs
  A sixfirhy (Orc:2)
  A fire crab (Lair:5)
  2 naga ritualists
  40 deep trolls
  8 swamp dragons
  A bog body (Swamp:2)
  3 mana vipers
  An obsidian statue (Depths:2)
  6 thermic dynamos
  2 glowing orange brains
  4 arcanists
  3 spriggan druids
  6 lindwurms
  10 deep elf archers
  A sun moth (shapeshifter) (Depths:1)
  10 ironbound convokers
  20 deep elf zephyrmancers
  A spectral iron dragon (Depths:2)
  Pikel (D:7)
  10 orc knights
  An obsidian bat (D:11)
  2 phantasmal warriors
  22 deep elf pyromancers
  2 oklob plants (Lair:1)
  5 orc sorcerers
  5 salamanders
  A necromancer (Vaults:3)
  2 will-o-the-wisps (Swamp:4)
  3 manticores
  6 cyclopes
  22 ugly things
  7 elephants
  17 black mambas
  15 naga magi
  3 kobold blastminers
  A molten gargoyle (Desolation)
  17 vault sentinels
  A torpor snail (shapeshifter) (Depths:4)
  A smoke demon (Orc:2)
  A water nymph (D:15)
  9 guardian serpents
  A gargoyle (D:6)
  2 unseen horrors
  2 torpor snails
  14 cane toads
  Jeremiah (Lair:1)
  5 rime drakes
  11 komodo dragons
  A freezing wraith (Depths:3)
  A spectral glowing shapeshifter (Depths:2)
  19 yaktaurs
  6 guardian mummies (Depths:2)
  A golden dragon simulacrum (Depths:3)
  7 tyrant leeches
  A hellwing (Orc:2)
  A polar bear (Lair:3)
  3 bloated husks
  9 hornets
  Prince Ribbit (D:8)
  A red devil (Orc:2)
  A tengu simulacrum (Depths:3)
  3 trolls
  37 saltlings (Desolation)
  A tarantella (Vaults:1)
  Grinder (D:4)
  An iron dragon simulacrum (Depths:3)
  A dream sheep (Lair:3)
  2 human skeletons (Vaults:3)
  A glass eye (Depths:1)
  10 blink frogs
  A frost giant simulacrum (Depths:3)
  A raiju (Depths:3)
  15 slime creatures
  A ynoxinul (Depths:3)
  A fire bat (shapeshifter) (Depths:4)
  11 spriggans
  4 hogs (D:15)
  3 wyverns
  6 water elementals (Depths:1)
  4 wraiths
  2 shadows
  5 fire elementals
  2 steam dragons
  2 wargs
  A redback (Vaults:1)
  38 yaks
  16 vampire mosquitoes
  A chaos spawn (Depths:3)
  19 swamp worms
  Edmund (D:5)
  31 nagas
  2 hell hounds
  Duvessa (D:7)
  7 water moccasins
  32 orc warriors
  7 swamp drakes
  3 black bears
  An ice beast (D:9)
  7 ogres
  22 wolves
  7 centaurs (D:11)
  6 earth elementals
  A kobold brigand (D:5)
  14 bullfrogs
  2 gnoll sergeants
  A scorpion (D:5)
  3 wights (D:7)
  Dowan (D:7)
  10 killer bees
  4 howler monkeys
  A howler monkey (shapeshifter) (D:15)
  2 electric eels (D:11)
  3 hounds
  3 bombardier beetles
  31 orc priests
  3 jellies
  Crazy Yiuf (D:3)
  A sleepcap (D:6)
  An iguana (D:5)
  19 orc wizards
  Ijyb (D:3)
  9 gnolls
  3 adders
  4 white imps
  2 ufetubi (D:6)
  4 dart slugs
  84 orcs
  5 bats
  2 endoplasms
  3 giant cockroaches
  5 goblins
  6 hobgoblins
  4 quokkas
  A ball python (D:3)
  8 kobolds
  A rat (D:2)
1250 creatures vanquished.

Vanquished Creatures (collateral kills)
  A royal mummy (Depths:2)
  Nikola (Swamp:4)
  An iron giant (Depths:3)
  A Hell Sentinel (Depths:3)
  A deep elf blademaster (Elf:3)
  A tengu reaver (Vaults:4)
  Agnes (Snake:3)
  A thorn hunter (Swamp:4)
  2 fire giants
  2 nagarajas
  A frost giant (Depths:3)
  5 vault wardens
  3 deep elf sorcerers (Elf:3)
  An imperial myrmidon (Desolation)
  2 ghouls (Swamp:3)
  A spriggan defender (Depths:2)
  3 ironbound preservers
  2 very ugly things (Depths:2)
  An eleionoma (Swamp:2)
  5 deep elf death magi
  4 deep elf annihilators
  2 deep elf demonologists (Elf:3)
  2 dire elephants
  4 bunyips
  A merfolk impaler (Depths:1)
  A ragged hierophant (Desolation)
  2 mummy priests (Depths:2)
  4 crystal guardians (Desolation)
  3 deep elf high priests
  A ghost crab (Swamp:4)
  3 yaktaur captains
  9 hydras
  2 vault guards (Vaults:2)
  A peacekeeper (Desolation)
  A spectral shadow dragon (Depths:2)
  6 alligators
  3 anacondas
  3 servants of whispers (Desolation)
  2 demonspawn (Orc:2)
  A spectral frost giant (Depths:2)
  A boulder beetle (D:15)
  8 dancing weapons
  2 ironbound frosthearts
  2 deep troll earth magi (Depths:2)
  A vampire mage (D:14)
  4 death yaks
  8 naga warriors
  2 spriggan berserkers (Depths:2)
  2 naga sharpshooters (Snake:4)
  An occultist (Depths:2)
  2 orc high priests (Orc:2)
  6 spriggans
  A skyshark (Lair:5)
  4 deep elf knights
  A skeletal warrior (D:15)
  An iron troll (Depths:1)
  A mana viper (Snake:3)
  10 deep trolls
  A goliath frog (Swamp:4)
  A salamander mystic (Snake:4)
  A bog body (Swamp:2)
  2 naga ritualists
  5 ironbound convokers
  5 swamp dragons
  7 deep elf archers
  A necromancer (Vaults:3)
  3 phantasmal warriors
  A thermic dynamo (Elf:1)
  11 deep elf zephyrmancers
  15 ugly things
  8 deep elf pyromancers
  8 orc knights
  An orc sorcerer (Orc:2)
  A lindwurm (Vaults:1)
  2 cyclopes
  A manticore (D:15)
  3 oklob plants
  A spectral ettin (Depths:2)
  6 salamanders
  3 elephants (Lair:4)
  5 black mambas
  3 guardian serpents
  2 vault sentinels
  4 naga magi
  A torpor snail (Lair:3)
  5 cane toads
  An unseen horror (D:10)
  A kobold demonologist (D:13)
  2 yaktaurs
  An efreet (D:13)
  2 komodo dragons (Lair:5)
  A spectral glowing shapeshifter (Depths:2)
  A freezing wraith (Depths:2)
  A golden dragon simulacrum (Depths:3)
  2 guardian mummies (Depths:2)
  3 human skeletons (Vaults:3)
  6 hornets
  12 saltlings (Desolation)
  6 tyrant leeches
  2 blink frogs
  6 slime creatures
  A culicivora (D:14)
  A vampire (D:14)
  A wraith (D:12)
  5 water elementals
  A fire elemental (D:15)
  5 yaks
  A wyvern (Lair:2)
  A warg (Orc:2)
  A redback (Vaults:1)
  3 vampire mosquitoes
  10 nagas
  A water moccasin (Lair:2)
  2 swamp worms
  3 swamp drakes (Swamp:4)
  An ice beast (D:9)
  4 orc warriors
  7 wolves
  An ogre (D:11)
  2 centaurs (D:11)
  A phantom (D:7)
  4 bullfrogs (Lair:5)
  2 earth elementals
  3 killer bees (D:8)
  An electric eel (Lair:5)
  5 orc priests
  Natasha (thrice) (D:3)
  4 orc wizards
  4 gnolls
  2 adders
  A white imp (D:8)
  2 dart slugs (D:3)
  2 ribbon worms (D:2)
  12 orcs
  2 endoplasms
  2 giant cockroaches
  A goblin (D:1)
  3 hobgoblins
  2 kobolds (D:1)
  A quokka (D:2)
  2 ball pythons
  2 bats (D:3)
  A frilled lizard (D:3)
  3 rats (D:1)
418 creatures vanquished.

Vanquished Creatures (others)
  3 yaktaur captains
  A centaur warrior (Vaults:4)
  A deep elf knight (Elf:3)
  A deep troll (Vaults:3)
  2 deep elf zephyrmancers (Elf:1)
  2 deep elf archers (Elf:3)
  An ugly thing (D:12)
  A vault sentinel (Vaults:4)
  A guardian serpent (Snake:4)
  A yaktaur (Vaults:1)
  A bloated husk (Swamp:1)
  A hornet (Swamp:4)
  An orc wizard (Orc:2)
  52 knights
  4 ancestors
  An orc (D:12)
  8 foxfires (Swamp:4)
82 creatures vanquished.

Grand Total: 1750 creatures vanquished

Notes
Turn   | Place    | Note
-------+----------+-------------------------------------------
     0 | D:1      | ragingrage the Mummy Summoner began the quest for the Orb.
     0 | D:1      | Reached XP level 1. HP: 13/13 MP: 4/4
   348 | D:1      | Reached XP level 2. HP: 19/19 MP: 2/5
   434 | D:1      | Learned a level 2 spell: Call Imp
   982 | D:2      | Reached XP level 3. HP: 15/24 MP: 2/7
  1377 | D:2      | HP: 1/24 [constriction (1)]
  1825 | D:2      | Learned a level 3 spell: Call Canine Familiar
  2217 | D:3      | Noticed Natasha
  2358 | D:3      | Killed Natasha
  2359 | D:3      | Reached XP level 4. HP: 29/30 MP: 3/8
  2437 | D:3      | Noticed Natasha
  2527 | D:3      | Killed Natasha
  2588 | D:3      | Noticed Natasha
  2604 | D:3      | Killed Natasha
  2605 | D:3      | Reached skill level 5 in Summonings
  2718 | D:3      | Reached XP level 5. HP: 29/35 MP: 4/9
  2866 | D:3      | Identified the +10 sling "Ryux" {freeze, *Slow Will+ rCorr
                  | Dex+2}
  3029 | D:3      | Noticed Ijyb
  3055 | D:3      | Killed Ijyb
  3298 | D:3      | Identified the +3 ring mail "Kurgho" {Str+3}
  3670 | D:3      | Found a runed translucent door.
  3671 | D:3      | Noticed Crazy Yiuf
  3762 | D:4      | Reached skill level 1 in Ranged Weapons
  3823 | D:4      | Noticed Grinder
  3839 | D:4      | Killed Grinder
  3840 | D:4      | Reached skill level 3 in Ranged Weapons
  3840 | D:4      | Reached XP level 6. HP: 18/41 MP: 6/10
  4033 | D:4      | Noticed an orc warrior
  4148 | D:4      | Reached skill level 4 in Ranged Weapons
  4148 | D:4      | Reached XP level 7. HP: 46/46 MP: 11/11
  4435 | D:4      | Reached skill level 5 in Ranged Weapons
  4675 | D:4      | Found a burning altar of Makhleb.
  4718 | D:5      | Entered Level 5 of the Dungeon
  4776 | D:5      | Found a staircase to the Ecumenical Temple.
  4782 | Temple   | Entered the Ecumenical Temple
  4789 | Temple   | Became a worshipper of Hepliaklqana the Forgotten
  4819 | D:5      | Found a shimmering blue altar of Sif Muna.
  4851 | D:5      | Reached skill level 6 in Ranged Weapons
  4853 | D:5      | Reached XP level 8. HP: 38/52 MP: 12/12
  4963 | D:5      | Found a runed translucent door.
  4965 | D:5      | Found a runed translucent door.
  5070 | D:5      | Reached skill level 7 in Ranged Weapons
  5097 | D:5      | Noticed Edmund
  5111 | D:5      | Killed Edmund
  5331 | D:5      | Found a stormy altar of Qazlal.
  5510 | D:6      | Reached skill level 8 in Ranged Weapons
  5568 | D:6      | Reached * piety under Hepliaklqana
  5651 | D:6      | Got the Opusculum on Quickened Angles
  6116 | D:6      | Noticed a gargoyle
  6123 | D:6      | Reached skill level 9 in Ranged Weapons
  6123 | D:6      | Reached XP level 9. HP: 41/51 MP: 13/13
  6127 | D:6      | Killed a gargoyle
  6405 | D:7      | Noticed Arkalis's ghost (novice MiBe)
  6417 | D:7      | Found a transporter.
  6629 | D:7      | Noticed Duvessa
  6631 | D:7      | Noticed Dowan
  6634 | D:7      | Killed Duvessa
  6637 | D:7      | Killed Dowan
  6654 | D:7      | Found a transporter.
  6666 | D:7      | Reached skill level 10 in Ranged Weapons
  6725 | D:7      | Noticed Pikel
  6734 | D:7      | Killed Pikel
  6890 | D:7      | Reached skill level 11 in Ranged Weapons
  7161 | D:8      | Noticed a two-headed ogre
  7161 | D:8      | Noticed a troll
  7169 | D:8      | Killed a two-headed ogre
  7170 | D:8      | Reached XP level 10. HP: 51/56 MP: 14/14
  7529 | D:8      | Found Sufidgh's Armour Emporium.
  7581 | D:8      | Found a shimmering altar of Xom.
  7624 | D:8      | Noticed Prince Ribbit
  7635 | D:8      | Killed Prince Ribbit
  7662 | D:8      | Reached ** piety under Hepliaklqana
  7663 | D:8      | Remembered your ancestor Poqoikh as a knight
  7984 | D:3      | Killed Crazy Yiuf
  7985 | D:3      | Reached skill level 12 in Ranged Weapons
  8636 | D:9      | Identified 2 scrolls of acquirement
  8653 | D:9      | Found an ancient bone altar of Kikubaaqudgha.
  8657 | D:9      | Found a hide-covered altar of Uskayaw.
  8867 | D:9      | Reached skill level 1 in Fighting
  9015 | D:9      | Noticed a two-headed ogre
  9020 | D:9      | Killed a two-headed ogre
  9068 | D:9      | Found Puefiu's Magic Scroll Emporium.
  9074 | D:9      | Bought a scroll of teleportation for 33 gold pieces
  9074 | D:9      | Bought a scroll of summoning for 104 gold pieces
  9074 | D:9      | Bought a scroll of enchant weapon for 82 gold pieces
  9074 | D:9      | Bought a scroll of vulnerability for 44 gold pieces
  9124 | D:9      | Found a staircase to the Lair.
  9243 | D:9      | Reached skill level 13 in Ranged Weapons
  9289 | D:10     | Entered Level 10 of the Dungeon
  9447 | D:10     | Reached XP level 11. HP: 65/67 MP: 15/15
  9800 | D:10     | Acquired the +1 buckler of Qad Qum {^Drain Str+3 Dex+5}
  9820 | D:10     | Found a blossoming altar of Fedhas.
 10026 | D:10     | Reached *** piety under Hepliaklqana
 10510 | D:11     | Reached skill level 1 in Shields
 10511 | D:11     | Reached skill level 14 in Ranged Weapons
 10583 | Lair:1   | Entered Level 1 of the Lair of Beasts
 10697 | Lair:1   | Reached skill level 1 in Invocations
 10998 | Lair:1   | Reached **** piety under Hepliaklqana
 11191 | Lair:1   | Noticed an oklob plant
 11214 | Lair:1   | Killed an oklob plant
 11227 | Lair:1   | Noticed an oklob plant
 11256 | Lair:1   | Killed an oklob plant
 11257 | Lair:1   | Reached skill level 5 in Fighting
 11261 | Lair:1   | Noticed an oklob plant
 11298 | Lair:1   | Killed an oklob plant
 11311 | Lair:1   | Noticed an oklob plant
 11320 | Lair:1   | Killed an oklob plant
 11321 | Lair:1   | Reached XP level 12. HP: 62/77 MP: 16/16
 11498 | Lair:1   | Noticed Jeremiah
 11517 | Lair:1   | Killed Jeremiah
 11869 | Lair:2   | Reached skill level 5 in Invocations
 11871 | Lair:2   | Reached skill level 5 in Dodging
 12758 | Lair:3   | Reached ***** piety under Hepliaklqana
 13014 | Lair:3   | Reached skill level 1 in Armour
 13014 | Lair:3   | Reached skill level 1 in Evocations
 13037 | Lair:3   | Noticed an eight-headed hydra
 13063 | Lair:3   | Killed an eight-headed hydra
 13111 | Lair:3   | Noticed a seven-headed hydra
 13119 | Lair:3   | Killed a seven-headed hydra
 13190 | Lair:3   | Found a staircase to the Snake Pit.
 13196 | Lair:3   | Noticed a death yak
 13196 | Lair:3   | Noticed a death yak
 13197 | Lair:3   | Noticed a death yak
 13201 | Lair:3   | Noticed a death yak
 13206 | Lair:3   | Killed a death yak
 13210 | Lair:3   | Killed a death yak
 13213 | Lair:3   | Killed a death yak
 13220 | Lair:3   | Killed a death yak
 13221 | Lair:3   | Gained mutation: You are strongly in touch with the powers
                  | of death. [Mummy growth]
 13221 | Lair:3   | Reached XP level 13. HP: 80/83 MP: 19/19
 13234 | Lair:3   | Got Plog's Enchiridion on Relocation and Calcination
 13381 | Lair:3   | Found a staircase to the Swamp.
 13491 | Lair:4   | Got the Quarto of the Destructive Tempest
 13820 | Lair:4   | Noticed Rupert
 13831 | Lair:4   | Killed Rupert
 14666 | Lair:5   | Entered Level 5 of the Lair of Beasts
 14750 | Lair:5   | Noticed Snorg
 14760 | Lair:5   | Killed Snorg
 14854 | Lair:5   | Found a staircase to the Slime Pits.
 14879 | Lair:5   | Reached skill level 5 in Armour
 15187 | Lair:5   | Reached XP level 14. HP: 95/95 MP: 20/20
 15200 | Lair:5   | Identified the +2 helmet of Classification {^Drain rPois
                  | Will+++ Dex-3}
 16990 | D:11     | Found a staircase to the Orcish Mines.
 17166 | Orc:1    | Entered Level 1 of the Orcish Mines
 17298 | D:11     | Reached skill level 10 in Fighting
 17467 | Orc:1    | Noticed Sonja
 17471 | Orc:1    | Killed Sonja
 17475 | Orc:1    | Found Ruorphio's General Store.
 17478 | Orc:1    | Found Seew's Specific Store.
 17482 | Orc:1    | Bought a scroll of blinking for 105 gold pieces
 17573 | Orc:2    | Entered Level 2 of the Orcish Mines
 18267 | Orc:2    | Reached skill level 10 in Dodging
 18380 | Orc:2    | Found Irilugo's Jewellery Boutique.
 18384 | Orc:2    | Reached ****** piety under Hepliaklqana
 18686 | Orc:2    | Found Ymeginuj's General Store.
 18695 | Orc:2    | Found Taiqulao's Magic Scroll Shoppe.
 18704 | Orc:2    | Bought a scroll of fear for 48 gold pieces
 18704 | Orc:2    | Bought a scroll of immolation for 48 gold pieces
 19247 | Orc:2    | Reached XP level 15. HP: 54/103 MP: 8/21
 19251 | Orc:2    | Reached skill level 15 in Ranged Weapons
 19654 | Orc:2    | Found Omenap's Antique Weapon Shop.
 19654 | Orc:2    | Found Bunnei's Book Boutique.
 19658 | Orc:2    | Found a one-way gate leading to the halls of Pandemonium.
 19764 | Orc:2    | Found a staircase to the Elven Halls.
 19869 | Orc:2    | Bought a +2 pair of boots of stealth for 279 gold pieces
 19869 | Orc:2    | Bought a box of beasts for 520 gold pieces
 20562 | D:12     | Identified the +3 hat "Wyev Doe" {rPois rN+}
 20854 | D:13     | Noticed Erolcha
 20867 | D:13     | Killed Erolcha
 21131 | D:13     | Found Daage's Book Shoppe.
 21596 | D:14     | Noticed Nessos
 21597 | D:14     | Nessos changed into Nessos the culicivora
 21597 | D:14     | Noticed Nessos
 21603 | D:14     | Killed Nessos the culicivora
 21738 | D:14     | Found a gate to the Vaults.
 22025 | D:14     | You fall into a shaft and drop 1 floor!
 22025 | D:15     | Entered Level 15 of the Dungeon
 22025 | D:15     | Found a blossoming altar of Fedhas.
 22110 | D:15     | Reached skill level 16 in Ranged Weapons
 22330 | D:15     | Noticed Kirke
 22354 | D:15     | Killed Kirke
 22584 | D:14     | Noticed Jorgrun
 22599 | D:14     | Killed Jorgrun
 23417 | D:15     | Noticed Azrael
 23587 | D:15     | Killed Azrael
 23738 | D:15     | Acquired the scarf of Makhleb's Benevolence {repulsion, rF+
                  | Str+4}
 23740 | D:15     | Acquired a manual of Fighting
 24042 | D:15     | Found a radiant altar of Vehumet.
 24242 | D:15     | Found a staircase to the Depths.
 24789 | Swamp:1  | Entered Level 1 of the Swamp
 24926 | Swamp:1  | Reached skill level 5 in Evocations
 24937 | Swamp:1  | Reached XP level 16. HP: 103/112 MP: 17/22
 25107 | Swamp:1  | Identified the +1 glaive of Moagygoa {venom, Int+5}
 25899 | Swamp:2  | Noticed Roxanne
 27205 | Swamp:3  | Noticed a thorn hunter
 27213 | Swamp:3  | Killed a thorn hunter
 27432 | Swamp:4  | Entered Level 4 of the Swamp
 27437 | Swamp:4  | Reached skill level 17 in Ranged Weapons
 27853 | Swamp:4  | Noticed Nikola
 28073 | Swamp:4  | Reached skill level 15 in Fighting
 28110 | Swamp:4  | Killed Nikola
 28419 | Swamp:4  | Reached XP level 17. HP: 127/127 MP: 23/23
 29468 | Swamp:4  | Got a decaying rune of Zot
 29659 | Snake:1  | Entered Level 1 of the Snake Pit
 30679 | Snake:1  | Reached skill level 18 in Ranged Weapons
 31579 | Snake:2  | Found a shimmering blue altar of Sif Muna.
 31963 | Snake:3  | Found Waimooto's Gadget Gallery.
 31971 | Snake:3  | Bought a phial of floods for 600 gold pieces
 31971 | Snake:3  | Bought a condenser vane for 600 gold pieces
 32231 | Snake:3  | Noticed Agnes
 32247 | Snake:3  | Killed Agnes
 32598 | Snake:3  | Found a snail-covered altar of Cheibriados.
 33122 | Snake:4  | Entered Level 4 of the Snake Pit
 33473 | Snake:4  | Reached skill level 19 in Ranged Weapons
 33926 | Snake:4  | Reached XP level 18. HP: 138/138 MP: 24/24
 34404 | Snake:3  | HP: 6/138 [constriction (4)]
 35454 | Snake:4  | Got a serpentine rune of Zot
 35778 | Elf:1    | Entered Level 1 of the Elven Halls
 35871 | Elf:1    | Found a shimmering blue altar of Sif Muna.
 36185 | Elf:1    | Reached skill level 20 in Ranged Weapons
 36562 | Elf:1    | Learned a level 2 spell: Blink
 36807 | Elf:1    | Reached skill level 1 in Translocations
 36825 | Elf:1    | Identified the +1 robe "Tuomeah" {rCorr Str+6}
 39173 | Elf:2    | Found a shimmering blue altar of Sif Muna.
 39209 | Elf:2    | Reached skill level 10 in Evocations
 39222 | Elf:2    | Found a runed translucent gate.
 39223 | Elf:2    | Found a runed translucent gate.
 39224 | Elf:2    | Found a runed translucent gate.
 39518 | Elf:3    | Entered Level 3 of the Elven Halls
 39688 | Elf:3    | Reached XP level 19. HP: 144/144 MP: 25/25
 41458 | Elf:3    | Identified the +9 halberd of Zulul {elec, rC++}
 42267 | Elf:3    | Identified the ring of Zuamunutt {Fly rF+ Str+3 Int+4
                  | Stlth-}
 42291 | Elf:3    | Identified the +2 robe of the Dwarven Hall {rCorr}
 42721 | Elf:3    | Identified the +6 spear "Xiqurchemn" {vamp, Str+4 Dex+2}
 42721 | Elf:3    | Identified the +1 buckler of Supple Strength {+Inv rElec
                  | rF- rC+}
 43008 | Elf:3    | Identified the +1 quarterstaff of a Labyrinth {venom, *Rage
                  | rPois rF+ Int+3}
 43171 | Elf:3    | Identified the +1 robe "Vyalut" {-Tele rElec rPois Dex+8}
 43361 | Elf:3    | Identified the ring of Gyuvamm {rF+ MP+9 Dex+4 Stlth+}
 43587 | Elf:3    | Found the +3 crown of Dyrovepreva {rElec Int+2 SInv}
 43592 | Elf:3    | Identified the +1 robe "Uckichy" {Int+3}
 43615 | Elf:3    | Identified the staff of the Pharaoh's Fist {*Slow rPois rF-
                  | Int+9 Necro Alchemy}
 45093 | Vaults:1 | Entered Level 1 of the Vaults
 45275 | Vaults:1 | Found a crumbling gateway.
 45303 | Desolati | Entered the Desolation of Salt
 45649 | Desolati | Reached XP level 20. HP: 107/128 MP: 25/26
 45687 | Desolati | Identified the amulet of the Commoners {rN+ Will+ Regen+}
 45770 | Desolati | Got the Lessons on Damage
 45972 | Desolati | Identified the +6 plate armour of Totegemm {rPois rN+
                  | Int+6}
 46005 | Desolati | Got the Directory of Brumous Oromancy
 46044 | Desolati | Found the +3 robe of Clouds {*Thunder rCloud rElec}
 46101 | Desolati | Identified the ring of the Bequeathed God {Fly rN+ Int+6}
 46104 | Desolati | Identified the ring "Viroj" {rPois rC+ MP+9 Slay+3}
 46915 | Vaults:1 | Found Naicijet's Assorted Antiques.
 47167 | Vaults:1 | Reached skill level 15 in Dodging
 48376 | Vaults:2 | Found Afiwk's Armour Shoppe.
 48974 | Vaults:2 | Identified the +2 scale mail of Day {Int+3}
 49425 | Vaults:3 | Found a staircase to the Crypt.
 49425 | Vaults:3 | Found an ancient bone altar of Kikubaaqudgha.
 49426 | Vaults:3 | Found a basalt altar of Yredelemnul.
 49591 | Vaults:3 | Found Dogof's Book Emporium.
 49688 | Vaults:3 | Reached XP level 21. HP: 142/156 MP: 27/27
 49842 | Vaults:3 | Reached skill level 10 in Armour
 49895 | Vaults:3 | Found Elokox's Weapon Emporium.
 50686 | Vaults:4 | Learned a level 4 spell: Dimensional Bullseye
 50949 | Vaults:4 | Reached skill level 1 in Hexes
 51469 | Vaults:4 | Reached skill level 5 in Spellcasting
 52008 | Depths:1 | Entered Level 1 of the Depths
 52408 | Depths:1 | Learned a level 3 spell: Ozocubu's Armour
 52418 | Depths:1 | Found Ruluz's Assorted Antiques.
 52427 | Depths:1 | Bought a scroll of teleportation for 90 gold pieces
 52495 | Depths:1 | Reached skill level 1 in Ice Magic
 52646 | Depths:1 | Learned a level 3 spell: Fugue of the Fallen
 52804 | Depths:1 | Reached skill level 1 in Necromancy
 53023 | Depths:1 | Found a shimmering altar of Xom.
 53148 | Depths:1 | Found a gateway to Hell.
 53273 | Depths:2 | Found Emeluleu's Antique Armour Shop.
 53402 | Depths:2 | Bought the +3 pair of mountain boots {steadfast, rC+} for
                  | 1306 gold pieces
 53402 | Depths:2 | Found the +3 pair of mountain boots {steadfast, rC+}
 53510 | Depths:2 | Reached skill level 5 in Necromancy
 53550 | Depths:2 | Reached XP level 22. HP: 151/162 MP: 29/29
 54441 | Depths:2 | Noticed a royal mummy
 54447 | Depths:2 | Killed a royal mummy
 54448 | Depths:2 | Reached skill level 10 in Necromancy
 54693 | Depths:3 | Reached skill level 5 in Hexes
 54706 | Depths:3 | Reached skill level 5 in Translocations
 55171 | Depths:3 | Found a one-way gateway to a ziggurat.
 55187 | Depths:3 | Noticed a shard shrike
 55194 | Depths:4 | Entered Level 4 of the Depths
 55590 | Depths:4 | Found Launowik's Assorted Antiques.
 55590 | Depths:4 | Found Gokor's Assorted Antiques.
 55592 | Depths:4 | Found Jofry's Book Emporium.
 55605 | Depths:4 | Bought a scroll of fear for 144 gold pieces
 56113 | Depths:3 | Killed a shard shrike
 56206 | Depths:3 | Found a one-way gate to the infinite horrors of the Abyss.
 56210 | Depths:3 | Noticed a juggernaut
 56214 | Depths:3 | Annihilated by a juggernaut

Illustrated notes

Levels and vault maps discovered:
D:1:      lemuel_arrival_hallway, layout_basic, minmay_tetromino_l2
D:2:      layout_loops_ring, minmay_misc_feat_encased, minmay_misc_feat_roman
D:3:      layout_basic, minmay_misc_feat_cross, minmay_quadrilaterals,
          uniq_ijyb, uniq_natasha, uniq_crazy_yiuf_cottage
D:4:      layout_loops_cross, lightli_temple_of_fire, uniq_grinder
D:5:      lemuel_insect_pit, layout_loops_ring,
          mainiacjoe_overflow_surrounded_room, mainiacjoe_overflow_paths,
          minmay_temple_entry_trees, st_stairs_4, uniq_edmund
D:6:      layout_basic, mainiacjoe_overflow_catwalk, minmay_small_thing
D:7:      layout_loops_ring, gammafunk_ghost_arena, uniq_pikel, uniq_duvessa
D:8:      layout_rooms, mainiacjoe_overflow_boulevard, serial_shops, shop,
          chequers_serial_rivers_micro_c, uniq_prince_ribbit1
D:9:      layout_rooms, nicolae_overflow_hidden_temple, hellmonk_lair_entry_icy,
          serial_shops, shop, dreamdust_wishing_well, minivault_14
D:10:     layout_roguey, gammafunk_temple_overflow_forgotten, serial_curves,
          eino_curves_03, eino_curves_03, lemuel_flame_loot_1
D:11:     hellmonk_crumbling_castle, layout_basic, erik_orc_1
D:12:     layout_irregular_city, lemuel_flamethrower_2
D:13:     layout_cave_pools, serial_shops, nicolae_shop_just_a_little_nook,
          dreamdust_princess_bridge, uniq_erolcha
D:14:     layout_stronghold, david_vaults_2, grunt_decor_clamped,
          nzn_life_drinkers, uniq_jorgrun, uniq_nessos
D:15:     hangedman_depths_entry_try_elsewhere_first, layout_layer_cave,
          nicolae_vehumet_radiance, fedhas_altar_4, uniq_azrael, uniq_kirke
Temple:   nicolae_temple_no_exploring_needed
Lair:1:   minmay_lair_oklob_tunnel, layout_gridlike, minivault_19,
          grunt_megastairs_5, uniq_jeremiah
Lair:2:   layout_roguey, serial_rivers, chequers_serial_rivers_small_3,
          chequers_serial_rivers_small_3, chequers_serial_rivers_small_3,
          chequers_serial_rivers_small_3, chequers_serial_rivers_small_3,
          chequers_serial_rivers_room_a, grunt_forest_large_clearings
Lair:3:   layout_cave_shapes, palyth_hydra_swamp_entry, dummy_snake_entry,
          st_stairs_9
Lair:4:   layout_small_grid, uniq_rupert
Lair:5:   minmay_lair_end_frog_pond, layout_gridlike,
          minmay_slime_entry_pillars, uniq_snorg
Swamp:1:  layout_basic_swamp, evilmike_swamp_ruin_house_1
Swamp:2:  layout_falls_marsh, nicolae_swamp_little_swirl,
          infiniplex_staircase_pool, uniq_roxanne
Swamp:3:  layout_basic_swamp, evilmike_swamp_ruin_house_4, swamp_pool_1_2,
          hangedman_swamp_blocks, nicolae_swamp_baby_hydras
Swamp:4:  swamp, layout_basic_swamp, swamp_pool_3, uniq_nikola
Snake:1:  layout_layer_cave, grunt_megastairs_4
Snake:2:  layout_onion_interference, nicolae_snake_gridmaze_waves,
          serial_library_hellmonk_statue_hall
Snake:3:  layout_gridlike, basic_altar, nicolae_shop_gadgets,
          serial_bayou_shore_b, uniq_agnes
Snake:4:  grunt_snake_rune_spirals, layout_onion_interference,
          hangedman_snake_thin_pillar_pass
Orc:1:    layout_caves, abandoned_shop, nicolae_specific_store, uniq_sonja
Orc:2:    pf_orc_diabolical, layout_caves, serial_shops, shop
Elf:1:    nicolae_elf_arrival_fired_up, layout_geoelf_octagon,
          kennysheep_underground_church, david_defended_altar_elf
Elf:2:    elven_hall_of_blades_hangedman_original [mumra_blade_entry_bloodbath],
          layout_onion_city, basic_altar, lemuel_elevator
Elf:3:    minmay_elf_hall_x, layout_gridlike, nicolae_elf_w_pinch
Vaults:1: portal_desolation_entry_garden, v_pattern_4,
          nicolae_vaults_lightning_bolt, nicolae_vaults_closet_pinwheel_3,
          nicolae_vaults_prndl, nicolae_vaults_little_squares_3, v_misc_12,
          nicolae_vaults_closet_pinwheel_1, nicolae_vaults_sealed_display,
          nicolae_vaults_apartment_1, v_alt_pattern_6,
          nicolae_vaults_trapezoid_layered, nicolae_vaults_little_ls,
          nicolae_vaults_specimen_jars, layout_vaults_maze_snakey, serial_shops,
          nicolae_shop_rolling_square
Vaults:2: nicolae_vaults_tetromino_Z_2, nicolae_vaults_three_branches,
          nicolae_vaults_heist, nicolae_vaults_ring_of_whatevers,
          nicolae_vaults_taking_the_gang_shopping, vaults_room_door_ring,
          v_misc_14, layout_vaults_quadrants
Vaults:3: v_misc_5, hangedman_vaults_snaps, nicolae_vaults_mitosis,
          nicolae_vaults_network_periphery, minmay_crypt_entry_necro_gods,
          nicolae_vaults_apartment_2, v_rooms_2, vaults_room_fancy_cross,
          vaults_dpeg_cross, nicolae_vaults_security_offices_2,
          dpeg_vaults_monster_row, nicolae_vaults_tetromino_T_1,
          vaults_dpeg_encased_lava, nicolae_vaults_trapezoid_2,
          layout_vaults_omnicross, serial_shops, shop, shop
Vaults:4: nicolae_vaults_steering_wheel, nicolae_vaults_double_plus_3,
          nicolae_vaults_ninety_degrees, ontoclasm_vaults_pinch, v_misc_33,
          v_misc_22, nicolae_vaults_network_star, hangedman_vaults_maws,
          vaults_room_pools, hangedman_vaults_slice,
          nicolae_vaults_tetromino_Z_1, nicolae_vaults_diamond_1,
          vaults_dpeg_diagonal, layout_vaults_ring
Depths:1: layout_cave_pools, serial_shops, shop, serial_sigils,
          serial_sigils_hangedman_shear, serial_sigils_hangedman_quiver,
          serial_sigils_hangedman_quiver, serial_sigils_hangedman_scar,
          serial_sigils_hangedman_quiver, serial_sigils_hangedman_shear,
          grunt_hell_entry_dis_grunt, xom_teletrap_fun, serial_bayou_shore_b
Depths:2: lemuel_minitomb, layout_cave_pools, hangedman_abyss_or_decor_stagger,
          serial_shops, shop, grunt_pan_entry_sceptre, pf_coc_iceberg,
          minmay_fountain_box, infiniplex_staircase_spiral_double,
          serial_bayou_shore_b
Depths:3: hellmonk_hyper_hexagons [hex_subvault_angles, hex_subvault_bug,
          hex_subvault_rings, hex_subvault_small_grid, hex_subvault_two_sheets,
          hex_subvault_four_corners, hex_subvault_orbs], hell_entry,
          abyss_entry, pan_entry
Depths:4: grunt_x_marks_the_spot, layout_basic, hellmouth_1,
          nicolae_figureground_pulse, serial_rivers,
          chequers_serial_rivers_room_a, chequers_serial_rivers_micro_b,
          chequers_serial_rivers_room_a, chequers_serial_rivers_micro_d,
          chequers_serial_rivers_micro_e, nicolae_wooded_promenade

Skill      XL: |  1  2  3  4  5  6  7  8  9 10 11 12 13 14 15 16 17 18 19 20 21 22 |
---------------+-------------------------------------------------------------------+-----
Summonings     | 4 5 |  5.3
Stealth        | 2 3 |  3.4
Ranged Weapons | 3 4 6 9 11 13 14 16 17 19 20 | 20.0
Fighting       | 3 5 8 10 11 15 17 | 17.1
Shields        | 2 3 |  3.0
Dodging        | 4 5 7 10 11 13 16 17 | 17.7
Invocations    | 4 8 9 |  9.0
Armour         | 2 5 9 11 | 11.0
Evocations     | 2 3 5 6 7 10 12 13 | 13.0
Translocations | 4 5 |  5.4
Spellcasting   | 5 |  5.7
Hexes          | 4 7 |  7.3
Ice Magic      | 1 |  1.9
Necromancy     | 5 10 | 10.0

Action                     |  1- 3 |  4- 6 |  7- 9 | 10-12 | 13-15 | 16-18 | 19-21 | 22-24 || total
---------------------------+-------+-------+-------+-------+-------+-------+-------+-------++-------
  Melee: Unarmed           |    17 |       |       |       |       |       |       |       ||    17
         Short sword       |    61 |    13 |       |       |       |       |       |       ||    74
   Fire: Sling             |       |    57 |   215 |   633 |  1658 |  2074 |   616 |       ||  5253
         Longbow           |       |       |       |       |       |       |  1247 |   436 ||  1683
   Cast: Summon Small Mamm |    24 |       |       |       |       |       |       |       ||    24
         Call Imp          |    20 |     9 |     3 |       |       |       |       |       ||    32
         Call Canine Famil |     2 |     7 |     3 |       |       |       |     1 |       ||    13
         Fugue of the Fall |       |       |       |       |       |       |     4 |    14 ||    18
 Invoke: Recall Ancestor   |       |       |     1 |     2 |    12 |    20 |     7 |     1 ||    43
         Ancestor Life: Kn |       |       |       |     1 |       |       |       |       ||     1
         Idealise          |       |       |       |       |    13 |     9 |    12 |     2 ||    36
  Evoke: Phantom mirror    |       |       |       |       |     2 |     2 |       |     1 ||     5
         Wand              |       |       |       |       |     1 |     3 |     6 |     2 ||    12
         Box of beasts     |       |       |       |       |       |     2 |     1 |     1 ||     4
         Condenser vane    |       |       |       |       |       |     2 |     1 |       ||     3
         Lightning rod     |       |       |       |       |       |       |     4 |       ||     4
    Use: Scroll            |       |       |       |    13 |     7 |     4 |    10 |     4 ||    38
   Stab: Sleeping          |     3 |       |       |       |       |       |       |       ||     3
 Armour: Robe              |    63 |    20 |       |       |       |       |       |       ||    83
         Ring mail         |       |     6 |    39 |   129 |    51 |       |       |       ||   225
         Troll leather arm |       |       |       |       |   274 |   485 |   295 |   131 ||  1185
  Dodge: Dodged            |    51 |    19 |    20 |    93 |   270 |   353 |   337 |   181 ||  1324
         Repelled          |       |       |       |       |       |   103 |    53 |    11 ||   167
  Block: Other             |       |       |     2 |    24 |       |       |       |       ||    26
         Buckler           |       |       |       |    53 |   164 |   189 |    57 |       ||   463
         Reflection        |       |       |       |     9 |     2 |       |       |       ||    11

Table legend: (Time is in decaauts)
 A = Elapsed time spent in this place.
 B = Non-inter-level travel time spent in this place.
 C = Inter-level travel time spent in this place.
 D = Time resting spent in this place.
 E = Time spent auto-exploring this place.
 F = Levels seen in this place.
 G = Mean time per level.
                   A        B        C        D        E       F      G
               +--------+--------+--------+--------+--------+-----+--------+
         Total |  55140 |  51357 |   3783 |  14668 |  26862 |  43 | 1282.3 |
       Dungeon |  17004 |  15374 |   1630 |   3014 |   9829 |  15 | 1133.6 |
        Temple |     14 |      2 |     12 |      0 |      0 |   1 |   14.0 |
          Lair |   5963 |   5497 |    466 |    765 |   3576 |   5 | 1192.6 |
         Swamp |   4772 |   4454 |    318 |   1714 |   1777 |   4 | 1193.0 |
     Snake Pit |   5749 |   5545 |    204 |   1788 |   2789 |   4 | 1437.2 |
  Orcish Mines |   2584 |   2291 |    293 |   1019 |    727 |   2 | 1292.0 |
   Elven Halls |   8804 |   8259 |    545 |   4682 |   2145 |   3 | 2934.7 |
        Vaults |   5133 |   4883 |    250 |    433 |   3479 |   4 | 1283.2 |
        Depths |   3741 |   3680 |     61 |    982 |   1891 |   4 |  935.2 |
    Desolation |   1372 |   1372 |      0 |    266 |    647 |   1 | 1372.0 |
               +--------+--------+--------+--------+--------+-----+--------+

Top non-repeatable levels by time:
   Elf:3: 4044 daAuts
   Elf:1: 2418 daAuts
   Elf:2: 2341 daAuts
   Orc:2: 2265 daAuts
    D:15: 1876 daAuts
 Snake:4: 1744 daAuts
 Snake:3: 1736 daAuts
    D:14: 1705 daAuts
     D:3: 1616 daAuts
  Lair:5: 1520 daAuts
 Swamp:3: 1463 daAuts
     D:2: 1441 daAuts
 Swamp:4: 1436 daAuts
Vaults:2: 1409 daAuts
Depths:2: 1388 daAuts
